[Event "II. Magyar E-mail Döntõ"]
[Site "E4EC"]
[Date "2004.12.27"]
[Round "1"]
[White "Biró, István"]
[Black "Száva, Miklós"]
[Board "7187"]
[TimeControl "10/50"]
[WhiteElo "1896"]
[BlackElo "2021"]
[WhiteCountry "HUN"]
[BlackCountry "HUN"]
[Result "1/2-1/2"]

1.d4 Nf6 2.c4 g6 3.Nc3 d5 4.Bf4 Bg7 5.Nf3 O-O 6.Rc1 dxc4 7.e4 c5
8.dxc5 Qa5 9.e5 Rd8 10.Bd2 Ng4 11.Bxc4 Qxc5 12.Ne4 Qb6 13.Bxf7+ Kxf7
14.Nfg5+ Kg8 15.Rxc8 Rxc8 16.Qxg4 Rf8 17.O-O Bxe5 18.Qh3 h5 19.Ba5 Qc6
20.Qb3+ Kh8 21.Nf7+ Rxf7 22.Qxf7 Nd7 23.Ng5 Nf8 24.Qb3 Bg7 25.Bb4 Bf6
26.h4 a5 27.Qa3 Re8 28.Qxa5 Bxb2 29.Re1 Bf6 30.Qa3 b5 31.Qe3 Kg8
32.Ne4 Nd7 33.a3 Kg7 34.Rc1 Qd5 35.Nxf6 Nxf6 36.f3 Kf7 37.Rc5 Qd1+
38.Kh2 Nd5 39.Qe4 Nxb4 40.Qf4+ Kg7 41.Qe5+ Kf7 42.axb4 Qd6 43.Rxb5 Rc8
44.Qxd6 exd6 45.Kg3 Rc4 46.Rd5 Rxb4 47.Rxd6 Rc4 48.Rd7+ Kf6 49.Rd3 Kf5
50.Kh3 Rb4 51.g3 Rb2 52.Rd5+ Kf6 53.Rd6+ Kf7 54.Rd7+ 1/2-1/2

[Event "II. Magyar E-mail Döntõ"]
[Site "E4EC"]
[Date "2004.12.26"]
[Round "1"]
[White "Biró, István"]
[Black "Oltean, Gusztav"]
[Board "7188"]
[TimeControl "10/50"]
[WhiteElo "1896"]
[BlackElo "2069"]
[WhiteCountry "HUN"]
[BlackCountry "HUN"]
[Result "1-0"]

1.d4 c6 2.e4 d5 3.e5 Bf5 4.h4 h5 5.c4 e6 6.Nc3 dxc4 7.Bxc4 Nd7
8.Nge2 Nb6 9.Bd3 Ne7 10.Bg5 Bxd3 11.Qxd3 Qd7 12.Ne4 Nf5 13.O-O-O Nd5
14.Kb1 Nb4 15.Qd2 Nd5 16.f3 Bb4 17.Qd3 Qc7 18.g4 Nh6 19.Rhg1 Qb6
20.N2g3 hxg4 21.fxg4 Bf8 22.Rgf1 Qc7 23.Nh5 a6 24.Nd6+ Bxd6
25.Nxg7+ Kd7 26.exd6 Qxd6 27.Bxh6 1-0

[Event "II. Magyar E-mail Döntõ"]
[Site "E4EC"]
[Date "2004.12.29"]
[Round "1"]
[White "Biró, István"]
[Black "Lakatos, András"]
[Board "7189"]
[TimeControl "10/50"]
[WhiteElo "1896"]
[BlackElo "2222"]
[WhiteCountry "HUN"]
[BlackCountry "HUN"]
[Result "1/2-1/2"]

1.d4 Nf6 2.c4 e6 3.Nf3 d5 4.Nc3 Be7 5.Bf4 O-O 6.e3 c5 7.dxc5 Bxc5
8.cxd5 Nxd5 9.Nxd5 exd5 10.a3 Nc6 11.Bd3 Bb6 12.O-O d4 13.e4 Bg4
14.h3 Qf6 15.Bh2 Bxf3 16.Qxf3 Qxf3 17.gxf3 Na5 18.Rfd1 Nb3
19.Rab1 Rac8 20.Bd6 Rfd8 21.e5 Bc5 22.Bf5 Rc6 23.Be4 Bxd6 24.Bxc6 bxc6
25.exd6 c5 26.Kg2 Rxd6 27.Re1 Rg6+ 28.Kh2 Kf8 29.Rbd1 Rc6 30.Kg3 c4
31.Re2 d3 32.Re4 g6 33.a4 Kg7 34.f4 Kf6 35.Kf3 Rc7 36.Ke3 a6 37.Rg1 1/2-1/2

[Event "II. Magyar E-mail Döntõ"]
[Site "E4EC"]
[Date "2004.12.26"]
[Round "1"]
[White "Biró, István"]
[Black "Tímár, Zsolt"]
[Board "7190"]
[TimeControl "10/50"]
[WhiteElo "1896"]
[BlackElo "2461"]
[WhiteCountry "HUN"]
[BlackCountry "HUN"]
[Result "1-0"]

1.d4 Nf6 2.c4 g6 3.Nc3 Bg7 4.e4 d6 5.Be2 O-O 6.Nf3 e5 7.dxe5 dxe5
8.Qxd8 Rxd8 9.Bg5 Re8 10.O-O c6 11.Ne1 1-0

[Event "II. Magyar E-mail Döntõ"]
[Site "E4EC"]
[Date "2005.01.01"]
[Round "1"]
[White "Biró, István"]
[Black "Csólig, Róbert"]
[Board "7191"]
[TimeControl "10/50"]
[WhiteElo "1896"]
[BlackElo "2150"]
[WhiteCountry "HUN"]
[BlackCountry "HUN"]
[Result "1/2-1/2"]

1.d4 d5 2.c4 c6 3.Nc3 Nf6 4.Nf3 dxc4 5.e3 b5 6.a4 b4 7.Na2 e6
8.Bxc4 Bb7 9.O-O Be7 10.Bd2 a5 11.Qc2 c5 12.Bb5+ Nbd7 13.dxc5 Be4
14.Qd1 Bxc5 15.Nc1 O-O 16.Nb3 Bd6 17.Rc1 Qb8 18.h3 Qb7 19.Re1 Bd5
20.Nfd4 Rfc8 21.Rxc8+ Rxc8 22.Nxa5 Qa8 23.e4 Bxe4 24.Nc4 Bc5
25.Nf3 Bd5 26.Be3 Bxc4 27.Bxd7 Rc7 28.Bb5 Bxe3 29.Rxe3 Bxb5
30.axb5 Qb8 31.Rd3 Nd5 32.Nd4 h6 33.Rd2 Qb6 34.Qf1 1/2-1/2

[Event "II. Magyar E-mail Döntõ"]
[Site "E4EC"]
[Date "2005.01.02"]
[Round "1"]
[White "Biró, István"]
[Black "Kovács, Arthur"]
[Board "7192"]
[TimeControl "10/50"]
[WhiteElo "1896"]
[BlackElo "2278"]
[WhiteCountry "HUN"]
[BlackCountry "HUN"]
[Result "1/2-1/2"]

1.d4 Nf6 2.c4 e6 3.Nf3 b6 4.g3 Bb7 5.Bg2 Be7 6.O-O O-O 7.Nc3 Ne4
8.Qd3 Nxc3 9.Qxc3 c5 10.dxc5 bxc5 11.Rd1 d6 12.Qc2 Nc6 13.Bd2 Nb4
14.Bxb4 cxb4 15.Ng5 Bxg5 16.Bxb7 Rb8 17.Bg2 Qc7 18.e3 Bf6 19.Rac1 Rfd8
20.Be4 g6 21.b3 a5 22.Bg2 h6 1/2-1/2

[Event "II. Magyar E-mail Döntõ"]
[Site "E4EC"]
[Date "2005.01.07"]
[Round "1"]
[White "Kovács, Arthur"]
[Black "Jánosi, Ervin"]
[Board "7193"]
[TimeControl "10/50"]
[WhiteElo "2278"]
[BlackElo "2385"]
[WhiteCountry "HUN"]
[BlackCountry "HUN"]
[Result "1-0"]

1.d4 Nf6 2.Nf3 e6 3.c4 b6 4.e3 Bb7 5.Bd3 d5 6.O-O Bd6 7.Nc3 O-O
8.b3 Nbd7 9.Bb2 a6 10.Rc1 Qe7 11.Na4 Ne4 12.Ne5 dxc4 13.Nxc4 Rac8
14.Nxd6 cxd6 15.f3 Nef6 16.Rxc8 Rxc8 17.Nc3 b5 18.Ne2 Nd5 19.Qd2 Qg5
20.Bc1 Qf6 21.e4 Nc3 22.Ba3 h6 23.Bxd6 e5 24.dxe5 Nxe5 25.Bxe5 Qxe5
26.Nxc3 Rxc3 27.Rd1 Bc8 28.Bb1 b4 29.Kf2 Be6 30.f4 Qc5+ 31.Qd4 Qh5
32.Kg1 Kh7 33.Re1 Qh4 34.Rf1 a5 35.Qd6 Bc8 36.Qd5 Ba6 37.e5+ 1-0

[Event "II. Magyar E-mail Döntõ"]
[Site "E4EC"]
[Date "2005.01.02"]
[Round "1"]
[White "Kovács, Arthur"]
[Black "Vecsei, Vilmos"]
[Board "7194"]
[TimeControl "10/50"]
[WhiteElo "2278"]
[BlackElo "1913"]
[WhiteCountry "HUN"]
[BlackCountry "HUN"]
[Result "1/2-1/2"]

1.d4 Nf6 2.Nf3 e6 3.c4 d5 4.Nc3 c6 5.cxd5 exd5 6.Bg5 Be7 7.Qc2 O-O
8.e3 Nbd7 9.Bd3 h6 10.Bf4 Nh5 11.Be5 Nhf6 12.Bg3 Nh5 13.O-O Nxg3
14.hxg3 Nf6 15.Rab1 Bd6 16.b4 a6 17.a4 Qe7 18.b5 axb5 19.axb5 Be6
20.bxc6 bxc6 21.Rb6 Rfc8 22.Na4 Ne4 23.Rxc6 Qe8 24.Rxc8 Rxc8
25.Qb3 Rb8 26.Qc2 Rc8 1/2-1/2

[Event "II. Magyar E-mail Döntõ"]
[Site "E4EC"]
[Date "2005.01.02"]
[Round "1"]
[White "Kovács, Arthur"]
[Black "Magó, Zsolt"]
[Board "7195"]
[TimeControl "10/50"]
[WhiteElo "2278"]
[BlackElo "1848"]
[WhiteCountry "HUN"]
[BlackCountry "HUN"]
[Result "1/2-1/2"]

1.d4 Nf6 2.Nf3 g6 3.c4 Bg7 4.Nc3 d5 5.Bf4 O-O 6.e3 c5 7.dxc5 Qa5
8.Rc1 dxc4 9.Bxc4 Qxc5 10.Nb5 Be6 11.Nc7 Bxc4 12.b3 Qa5+ 13.Qd2 Qxd2+
14.Nxd2 Bd3 15.Nxa8 Nd5 16.Nc7 Rc8 17.Kd1 Nxf4 18.exf4 Bb2 19.Rc5 b6
20.Rd5 Rxc7 21.Rxd3 Rc1+ 22.Ke2 Rxh1 23.Rd8+ Kg7 24.Rxb8 Rxh2
25.Kf3 Rh5 26.Rb7 Ra5 27.a4 Rd5 28.Ke2 Bc1 29.Nc4 b5 30.axb5 Bxf4
31.Rxe7 Rxb5 32.Rxa7 Rxb3 33.Ra2 h5 34.g3 Rc3 35.Nd2 Bxd2 36.Rxd2 g5
37.Rd4 Rc5 38.Ra4 Kg6 39.Rb4 f6 40.Ra4 Re5+ 41.Kf3 Re8 42.Rb4 Kf5 1/2-1/2

[Event "II. Magyar E-mail Döntõ"]
[Site "E4EC"]
[Date "2005.01.02"]
[Round "1"]
[White "Kovács, Arthur"]
[Black "Tóth, József"]
[Board "7196"]
[TimeControl "10/50"]
[WhiteElo "2278"]
[BlackElo "2133"]
[WhiteCountry "HUN"]
[BlackCountry "HUN"]
[Result "1/2-1/2"]

1.d4 Nf6 2.Nf3 g6 3.c4 c6 4.Nc3 d5 5.Bf4 dxc4 6.a4 Nd5 7.Be5 f6
8.Bg3 Nxc3 9.bxc3 Qa5 10.Qc2 Bf5 11.Qb2 Qb6 12.Ra2 Nd7 13.Nd2 e5
14.dxe5 Nxe5 15.e4 Be6 16.Bxe5 fxe5 17.Bxc4 Bxc4 18.Nxc4 Qc7
19.O-O Bc5 20.Qc2 1/2-1/2

[Event "II. Magyar E-mail Döntõ"]
[Site "E4EC"]
[Date "2005.01.07"]
[Round "1"]
[White "Kovács, Arthur"]
[Black "Szabó, Zoltán"]
[Board "7197"]
[TimeControl "10/50"]
[WhiteElo "2278"]
[BlackElo "1834"]
[WhiteCountry "HUN"]
[BlackCountry "HUN"]
[Result "1-0"]

1.d4 Nf6 2.Nf3 d5 3.c4 dxc4 4.Nc3 Bf5 5.Ne5 Nbd7 6.Nxc4 c5 7.f3 cxd4
8.Qxd4 Be6 9.e4 Bxc4 10.Bxc4 e5 11.Qd3 Bc5 12.Bg5 O-O 13.Bxf6 Nxf6
14.Qxd8 Rfxd8 15.Nd5 Ne8 16.Rc1 Bd4 17.Rc2 g6 18.Ke2 Kg7 19.Rhc1 Rac8
20.b4 Nf6 21.a4 Nxd5 22.Bxd5 Rxc2+ 23.Rxc2 Rd7 24.Rc8 g5 25.h3 Kg6
26.a5 Kh5 27.g3 1-0

[Event "II. Magyar E-mail Döntõ"]
[Site "E4EC"]
[Date "2005.01.02"]
[Round "1"]
[White "Kovács, Arthur"]
[Black "Kresz, László"]
[Board "7198"]
[TimeControl "10/50"]
[WhiteElo "2278"]
[BlackElo "1800"]
[WhiteCountry "HUN"]
[BlackCountry "HUN"]
[Result "1/2-1/2"]

1.d4 Nf6 2.Nf3 e6 3.c4 d5 4.Nc3 Be7 5.cxd5 exd5 6.Bg5 c6 7.Qc2 g6
8.e3 Bf5 9.Bd3 Bxd3 10.Qxd3 Nbd7 11.O-O O-O 12.Rab1 a5 13.Qc2 Re8
14.Rfc1 Bd6 15.a3 Kg7 16.b4 Qe7 17.bxa5 Reb8 18.e4 dxe4 19.Re1 Qe6
20.Nd2 Bc7 21.Ncxe4 Qf5 22.Rb3 Nxe4 23.Nxe4 Re8 1/2-1/2

[Event "II. Magyar E-mail Döntõ"]
[Site "E4EC"]
[Date "2005.01.02"]
[Round "1"]
[White "Kovács, Arthur"]
[Black "Szabó, Zsolt"]
[Board "7199"]
[TimeControl "10/50"]
[WhiteElo "2278"]
[BlackElo "2314"]
[WhiteCountry "HUN"]
[BlackCountry "HUN"]
[Result "1/2-1/2"]

1.e4 e5 2.Nf3 Nc6 3.Bb5 a6 4.Bxc6 dxc6 5.O-O Qd6 6.Na3 Be6 7.Qe2 f6
8.Rd1 O-O-O 9.d4 Bg4 10.Be3 Qe6 11.dxe5 Rxd1+ 12.Qxd1 Bxa3
13.bxa3 fxe5 14.Ng5 Bxd1 15.Nxe6 Bxc2 16.f3 b6 17.Rc1 Ba4 18.Nxg7 Nf6
19.g4 c5 20.Kf2 Ne8 21.Nf5 Kd7 22.Rg1 Nd6 23.Rg3 Nf7 24.Rh3 Ke6
25.g5 Bc6 26.Bd2 1/2-1/2